 Dungeon Crawl Stone Soup version 0.31.0-11-ge490571c62 (webtiles) character file.

Game seed: 6949554654284991300

504 qw the Shooter (level 6, -3/30 HPs)
             Began as a Spriggan Hunter on Feb 4, 2024.
             Incinerated by a bombardier beetle (4 damage)
             ... with a burning spray
             ... on level 4 of the Dungeon.
             The game lasted 00:00:11 (2268 turns).

qw the Shooter (Spriggan Hunter)                    Turns: 2268, Time: 00:00:11

Health: -3/30      AC:  2    Str:  7    XL:     6   Next: 96%
Magic:  7/7        EV: 22    Int: 10    God:
Gold:   372        SH:  0    Dex: 21    Spells: 5/5 levels left

rFire   . . .        a - +0 shortbow
rCold   . . .        (shield currently unavailable)
rNeg    . . .        c - +0 robe
rPois   +            (helmet restricted)
rElec   .            (no cloak)
rCorr   .            (gloves unavailable)
SInv    +            (boots unavailable)
Will    +....        (no amulet)
Stlth   +            e - ring of poison resistance
HPRegen 0.25/turn    (no ring)
MPRegen 0.10/turn

%: no passive effects
@: on fire, glowing, very quick
A: very small, no large weapons, unfitting armour, see invisible, speed 3
a: no special abilities


You were on level 4 of the Dungeon.
You visited 1 branch of the dungeon, and saw 4 of its levels.

You collected 372 gold pieces.


Innate Abilities, Weirdness & Mutations

You are very small and have problems with some larger weapons.
You are too small for most types of armour.
You have supernaturally acute eyesight. (SInv)
You cover ground extremely quickly. (Speed+++)


   Skills:
 - Level 2.0 Fighting
 - Level 7.0 Ranged Weapons
 + Level 6.2 Dodging
 - Level 1.5 Stealth


You had 5 spell levels left.
You didn't know any spells.
Your spell library was empty.

Inventory:

Hand Weapons
 a - a +0 shortbow (weapon)
Armour
 c - a +0 robe (worn)
Jewellery
 e - a ring of poison resistance (left hand)
Scrolls
 f - a scroll of teleportation
Potions
 b - a potion of magic {unknown}

Dungeon Overview and Level Annotations

Branches:
Dungeon (4/15)
 Temple: D:4-7

Altars:


Message History

The bombardier beetle is almost dead.
The bombardier beetle closely misses you.
You shoot an arrow.
The arrow hits the bombardier beetle but does no damage.
The bombardier beetle is almost dead.
You shoot an arrow.
The arrow barely misses the bombardier beetle.
The bombardier beetle sprays incendiary fluid at you.
The burning spray hits you.
You are covered in liquid fire!
You shoot an arrow.
The arrow hits the bombardier beetle but does no damage.
The bombardier beetle is almost dead.
The liquid fire burns you!
The bombardier beetle closely misses you.
You shoot an arrow.
The arrow barely misses the bombardier beetle.
The liquid fire burns you!
You shoot an arrow.
The arrow barely misses the bombardier beetle.
The liquid fire burns you!
The bombardier beetle sprays incendiary fluid at you.
The burning spray misses you.
You shoot an arrow. The arrow hits the bombardier beetle.
You kill the bombardier beetle!
The liquid fire burns you!
Your Ranged Weapons skill increases to level 7!
You are on fire!
The liquid fire burns you!
You are on fire!
The liquid fire burns you!
You are on fire!
The liquid fire burns you!
You are on fire!
The liquid fire burns you!
You are on fire!
The liquid fire burns you!
You are on fire!
The liquid fire burns you!
You die...

# ..# # #.# ####### #.#
......# #.# #####.# #.#
#
#####.######.#####.##.#
....................$
#.###.##.....#####.###
#.##.....#..@....#
#.##.....#.###.#$#
#.##.....#.###.#.
...+..............
#.##.....#.###.#.#
#.##.....#.# #.....#)#
#.....#.# #.....#.#


There were no monsters in sight!

Vanquished Creatures
  Grinder (D:3)
  A howler monkey (D:4)
  2 bombardier beetles
  A hound (D:4)
  2 iguanas (D:4)
  3 adders
  2 dart slugs
  3 ribbon worms
  An orc (D:4)
  5 bats
  3 endoplasms (D:1)
  4 giant cockroaches
  10 goblins
  9 hobgoblins
  4 jackals (D:1)
  8 quokkas
  3 ball pythons
  4 frilled lizards
  5 kobolds
  5 rats
76 creatures vanquished.

Notes
Turn   | Place    | Note
-------+----------+-------------------------------------------
     0 | D:1      | qw the Spriggan Hunter began the quest for the Orb.
     0 | D:1      | Reached XP level 1. HP: 10/10 MP: 2/2
     0 | D:1      | 0 ||| qw: Version: 0.3-a-160-g6735b56
     0 | D:1      | 0 ||| qw: Game counter: 4628
     0 | D:1      | 0 ||| qw: Melee chars always use a shield: true
     0 | D:1      | 0 ||| qw: God list: Okawaru
     0 | D:1      | 0 ||| qw: Allow faded altars: false
     0 | D:1      | 0 ||| qw: Do Orc after clearing Dungeon:15 true
     0 | D:1      | 0 ||| qw: Do second Lair branch before Depths: true
     0 | D:1      | 0 ||| qw: Lair rune preference: random
     0 | D:1      | 0 ||| qw: Goals: Normal
     0 | D:1      | 0 ||| PLANNING D:1-11
    14 | D:1      | Reached skill level 3 in Dodging
    45 | D:1      | Reached XP level 2. HP: 14/14 MP: 3/3
   607 | D:1      | Reached XP level 3. HP: 17/18 MP: 4/4
   867 | D:1      | 867 ||| DROPPING ring of flight.
   868 | D:1      | 868 ||| READING scroll labelled CEOZIMMUIPT.
   868 | D:1      | Identified a scroll of acquirement
   868 | D:1      | 868 ||| ACQUIRING 268 gold pieces
   868 | D:1      | Acquired 268 gold pieces
   870 | D:1      | 870 ||| READING scroll labelled KUXU ZAETOYGYM.
   870 | D:1      | 870 ||| IDENTIFYING sedimented dark potion
   871 | D:1      | 871 ||| DROPPING scroll of butterflies.
  1023 | D:2      | 1023 ||| DRINKING potion of curing.
  1023 | D:2      | 1023 ||| (to cure poison)
  1047 | D:2      | Reached skill level 5 in Ranged Weapons
  1047 | D:2      | 1047 ||| FLEEEEING.
  1048 | D:2      | 1048 ||| FLEEEEING.
  1049 | D:2      | 1049 ||| FLEEEEING.
  1050 | D:2      | 1050 ||| FLEEEEING.
  1051 | D:2      | 1051 ||| FLEEEEING.
  1052 | D:2      | 1052 ||| FLEEEEING.
  1053 | D:2      | 1053 ||| FLEEEEING.
  1176 | D:2      | Reached XP level 4. HP: 17/22 MP: 5/5
  1584 | D:2      | 1584 ||| UPGRADING to ring of poison resistance.
  1585 | D:2      | 1585 ||| READING 2 scrolls of identify.
  1585 | D:2      | 1585 ||| IDENTIFYING scroll labelled ROOG SIF DIN
  1586 | D:2      | 1586 ||| READING scroll of identify.
  1586 | D:2      | 1586 ||| IDENTIFYING scroll labelled ZECIKU DEEHEIR
  1587 | D:2      | 1587 ||| DROPPING scroll of vulnerability.
  1588 | D:2      | 1588 ||| DROPPING scroll of torment.
  1597 | D:3      | 1597 ||| STAIRDANCE
  1603 | D:3      | 1603 ||| STAIRDANCE
  1755 | D:3      | Reached XP level 5. HP: 26/26 MP: 6/6
  1898 | D:3      | Found a faded altar of an unknown god.
  1957 | D:3      | Noticed Grinder
  1979 | D:3      | Killed Grinder
  1980 | D:3      | Reached skill level 6 in Ranged Weapons
  1980 | D:3      | Reached XP level 6. HP: 20/30 MP: 7/7
  2082 | D:3      | 2082 ||| READING 3 scrolls of identify.
  2082 | D:3      | 2082 ||| IDENTIFYING scroll labelled ENYBAI SETHRUBUC
  2083 | D:3      | 2083 ||| READING 2 scrolls of identify.
  2083 | D:3      | 2083 ||| IDENTIFYING scroll labelled ODYUFE SEIRE
  2084 | D:3      | 2084 ||| READING scroll of identify.
  2084 | D:3      | 2084 ||| IDENTIFYING scroll labelled QIKKOZI HAZO
  2085 | D:3      | 2085 ||| READING 4 scrolls labelled UQENEU IRAKHLEPRI.
  2086 | D:3      | 2086 ||| READING scroll labelled CUYCEQ ISENAS.
  2087 | D:3      | 2087 ||| DROPPING scroll of blinking.
  2088 | D:3      | 2088 ||| DROPPING scroll of amnesia.
  2089 | D:3      | 2089 ||| DROPPING 3 scrolls of immolation.
  2193 | D:4      | Reached skill level 6 in Dodging
  2263 | D:4      | Reached skill level 7 in Ranged Weapons
  2265 | D:4      | HP: 6/30 [burnt (3)]
  2267 | D:4      | HP: 1/30 [burnt (3)]
  2268 | D:4      | Incinerated by a bombardier beetle

Levels and vault maps discovered:
D:1:      dpeg_arrival_solitude, layout_basic
D:2:      layout_basic
D:3:      layout_rooms, shapermc_ecumenical_altar_mp_urbaneastern, uniq_grinder
D:4:      layout_basic

Skill      XL: |  1  2  3  4  5  6 |
---------------+-------------------+-----
Dodging        | 3 4 5 6 |  6.2
Ranged Weapons | 5 6 7 |  7.0
Fighting       | 2 |  2.0
Stealth        | |  1.5

Action                     |  1- 3 |  4- 6 || total
---------------------------+-------+-------++-------
   Fire: Shortbow          |   139 |   148 ||   287
    Use: Scroll            |     2 |     7 ||     9
         Potion            |     1 |       ||     1
 Armour: Robe              |    16 |    16 ||    32
  Dodge: Dodged            |    49 |    55 ||   104

Table legend:
 A = Non-vault XP
 B = Vault XP
 C = Vault XP percentage of total XP
 D = Non-vault monster count
 E = Vault monster count
 F = Vault count percentage of total count
                 A         B        C        D         E       F
            +---------+---------+-------+---------+---------+-------
      Total |     443 |     277 |  38.5 |      75 |       1 |   1.3
            +---------+---------+-------+---------+---------+-------
        D:1 |      52 |       0 |   0.0 |      29 |       0 |   0.0
        D:2 |      62 |       0 |   0.0 |      18 |       0 |   0.0
        D:3 |      92 |     277 |  75.1 |      20 |       1 |   4.8
        D:4 |     237 |       0 |   0.0 |       8 |       0 |   0.0
            +---------+---------+-------+---------+---------+-------
